 Seeded DCSS version 0.28-a0-1286-g6bde065e89 (webtiles) character file.

Game seed: 5027248240086112147 (custom seed)

7 wilfster70 the Caller (level 1, 0/7 HPs)
             Began as a Felid Summoner on Dec 26, 2021.
             Slain by a hobgoblin (4 damage)
             ... on level 1 of the Dungeon.
             The game lasted 00:00:41 (309 turns).

wilfster70 the Caller (Felid Summoner)               Turns: 309, Time: 00:00:41

Health: 0/7        AC:  1    Str:  4    XL:     1   Next: 91%
Magic:  4/4        EV: 17    Int: 16    God:
Gold:   13         SH:  0    Dex: 16    Spells: 3/4 levels left
                                        Lives:  0   Deaths: 0

rFire   . . .      SeeInvis +   (weapon unavailable)
rCold   . . .      Faith    .   (shield unavailable)
rNeg    . . .      Spirit   .   (armour unavailable)
rPois   .          Reflect  .   (helmet unavailable)
rElec   .          Harm     .   (cloak unavailable)
rCorr   .          Rampage  .   (gloves unavailable)
Will    .....                   (boots unavailable)
Stlth   ++........              a - amulet of magic regeneration
HPRegen 0.02/turn               (no ring)
MPRegen 0.49/turn               (no ring)

@: quick
A: very small, claws 1, fangs 3, see invisible, speed 1, shaggy fur 1, stealthy
paws, no weapons or thrown items, no armour, multi-lived
a: no special abilities


You were on level 1 of the Dungeon.
You visited 1 branch of the dungeon, and saw 1 of its levels.

You collected 13 gold pieces.

Inventory:

Jewellery
 a - an amulet of magic regeneration (around neck)
Potions
 b - 2 potions of haste {unknown}


   Skills:
 - Level 2.6 Dodging
 - Level 2.6 Stealth
 + Level 2.3 Spellcasting
 + Level 4.2 Summonings


You had 3 spell levels left.
You knew the following spells:

 Your Spells              Type           Power      Damage    Failure   Level
a - Summon Small Mammal   Summ           60%        N/A       3%          1

Your spell library contained the following spells:

 Spells                   Type           Power      Damage    Failure   Level
 Call Imp                 Summ           15%        N/A       5%          2
 Call Canine Familiar     Summ           15%        N/A       11%         3
 Summon Guardian Golem    Hex/Summ       8%         N/A       26%         3
 Summon Lightning Spire   Summ/Air       8%         N/A       63%         4


Dungeon Overview and Level Annotations

Branches:
Dungeon (1/15)

Altars:


Innate Abilities, Weirdness & Mutations

You have sharp claws.
You have razor-sharp teeth.
You have supernaturally acute eyesight. (SInv)
You cover ground quickly. (Speed+)
You are covered in fur. (AC +1)
Your paws help you pounce on unaware monsters.
You are incapable of wielding weapons or throwing items.
You cannot wear armour.
You gain extra lives every three experience levels.


Message History

Casting: Summon Small Mammal (safe; 3% risk of failure)
Confirm with . or Enter, or press ? or * to list all spells.
Your bat barely misses the ball python.
The ball python completely misses you. The ball python constricts you.
The ball python closely misses you. The ball python constricts you.
Your bat misses the hobgoblin.
Your bat barely misses the hobgoblin.
The hobgoblin closely misses you. The ball python misses you.
The ball python constricts you.
You escape the ball python's grasp.
Your quokka closely misses the hobgoblin.
Your bat hits the ball python.
Your bat closely misses the hobgoblin.
The ball python bites your bat but does no damage.
The ball python barely misses your bat.
You scratch the hobgoblin but do no damage.
Your bat barely misses the ball python.
The ball python bites your quokka. The ball python misses your quokka.
Your quokka bites the ball python.
The ball python dies!
The hobgoblin barely misses you.
Your bat hits the hobgoblin but does no damage.
You barely miss the hobgoblin.
Your bat hits the hobgoblin but does no damage.
Your quokka closely misses the hobgoblin.
The hobgoblin misses you.
You closely miss the hobgoblin.
Your bat closely misses the hobgoblin.
Your quokka bites the hobgoblin but does no damage.
The hobgoblin completely misses you.
You scratch the hobgoblin but do no damage.
Your bat hits the hobgoblin but does no damage.
Your quokka bites the hobgoblin but does no damage.
The hobgoblin closely misses you.
You scratch the hobgoblin.
The hobgoblin is lightly wounded.
Your bat hits the hobgoblin but does no damage.
Your quokka misses the hobgoblin. The hobgoblin closely misses you.
Your quokka bites the hobgoblin.
You scratch the hobgoblin.
The hobgoblin is almost dead.
Your bat hits the hobgoblin but does no damage.
The hobgoblin hits you.
Ouch! That really hurt!
You die...

...##............#
######.............
.......####....##.#
................#.####
######........###.......
#### #...####.....###...
...# ##### #..##.......
...# ###.#........ #..#
#..rg@# # .# #.......# #
.# #.....b....... ..
#..........###
##............#
.............#
.##..........#
...........#


You could see a hobgoblin (ally target), a friendly quokka (summoned) and a
friendly bat (summoned).

Vanquished Creatures
  A frilled lizard (D:1)
1 creature vanquished.

Vanquished Creatures (collateral kills)
  A dart slug (D:1)
  A ball python (D:1)
  A goblin (D:1)
  A frilled lizard (D:1)
  A kobold (D:1)
5 creatures vanquished.

Grand Total: 6 creatures vanquished

Notes
Turn   | Place    | Note
-------+----------+-------------------------------------------
     0 | D:1      | wilfster70 the Felid Summoner began the quest for the Orb.
     0 | D:1      | Reached XP level 1. HP: 7/7 MP: 4/4
   309 | D:1      | Slain by a hobgoblin

Illustrated notes

Levels and vault maps discovered:
D:1:      dpeg_arrival_tiny_d, layout_rooms,
          hangedman_abyss_or_decor_lesser_grid, minmay_shallow_snake_nest

Action                   || total
-------------------------++-------
Melee: Unarmed           ||     9
 Cast: Summon Small Mamm ||     7
Armor: Skin              ||     2
Dodge: Dodged            ||    15

Table legend: (Time is in decaauts)
 A = Elapsed time spent in this place.
 B = Non-inter-level travel time spent in this place.
 C = Inter-level travel time spent in this place.
 D = Time resting spent in this place.
 E = Time spent auto-exploring this place.
 F = Levels seen in this place.
 G = Mean time per level.
                   A        B        C        D        E       F      G
               +--------+--------+--------+--------+--------+-----+--------+
         Total |    273 |    273 |      0 |    100 |     88 |   1 |  273.0 |
       Dungeon |    273 |    273 |      0 |    100 |     88 |   1 |  273.0 |
               +--------+--------+--------+--------+--------+-----+--------+

Top non-repeatable levels by time:
     D:1: 273 daAuts
